 Dungeon Crawl Stone Soup version 0.30.1-11-g7821555f0a (webtiles) character file.

Game seed: 5735778476635976162

8 ChrisAssaf the Grave Robber (level 2, 11/13 HPs)
             Began as a Spriggan Necromancer on Dec 18, 2023.
             Quit the game on level 1 of the Dungeon.
             The game lasted 00:00:57 (146 turns).

ChrisAssaf the Grave Robber (Spriggan Necromancer)   Turns: 146, Time: 00:00:58

Health: 11/13      AC:  2    Str:  4    XL:     2   Next: 0%
Magic:  0/6        EV: 17    Int: 16    God:
Gold:   11         SH:  0    Dex: 15    Spells: 5/6 levels left

rFire   . . .        (weapon restricted)
rCold   . . .        (no shield)
rNeg    . . .        a - +0 robe
rPois   .            (helmet restricted)
rElec   .            (no cloak)
rCorr   .            (gloves unavailable)
SInv    +            (boots unavailable)
Will    .....        (no amulet)
Stlth   ++           (no ring)
HPRegen 0.22/turn    (no ring)
MPRegen 0.10/turn

%: no passive effects
@: very quick
A: very small, no large weapons, unfitting armour, see invisible, speed 3
a: no special abilities


You were on level 1 of the Dungeon.
You visited 1 branch of the dungeon, and saw 1 of its levels.

You collected 11 gold pieces.

Inventory:

Armour
 a - a +0 robe (worn)
Scrolls
 c - a scroll of amnesia {unknown}


   Skills:
 * Level 0.2 Fighting
 * Level 0.1 Armour
 * Level 2.8 Dodging
 * Level 3.0 Stealth
 * Level 2.8 Spellcasting
 * Level 3.8 Necromancy


You had 5 spell levels left.
You knew the following spells:

 Your Spells              Type           Power      Damage    Failure   Level
a - Necrotise             Necr           56%        1d6       4%          1

Your spell library contained the following spells:

 Spells                   Type           Power      Damage    Failure   Level
 Vampiric Draining        Necr           14%        2d7       12%         3
 Animate Dead             Necr           14%        N/A       36%         4
 Agony                    Necr           14%        N/A       73%         5


Dungeon Overview and Level Annotations

Branches:
Dungeon (1/15)

Altars:


Innate Abilities, Weirdness & Mutations

You are very small and have problems with some larger weapons.
You are too small for most types of armour.
You have supernaturally acute eyesight. (SInv)
You cover ground extremely quickly. (Speed+++)


Message History

Aiming: Necrotise (safe; 4% risk of failure)
Press: ? - help, Q - select action Shift-Dir - straight line, f - jackal
Aim: a jackal (chance to affect: 84%)
The jackal writhes in agony.
The bat closely misses you. Something hits your jackal skeleton.
The jackal bites you but does no damage.
Your jackal skeleton barely misses the jackal.
Aiming: Necrotise (safe; 4% risk of failure)
Press: ? - help, Q - select action Shift-Dir - straight line, f/p - jackal
Aim: a jackal (severely wounded, chance to affect: 84%)
The jackal writhes in agony.
You kill the jackal!
The dead are walking!
The bat hits you. The bat misses you. The jackal bites your jackal skeleton.
Your jackal skeleton barely misses the jackal.
The jackal bites your jackal skeleton.
You have reached level 2!
Aiming: Necrotise (safe; 4% risk of failure)
Press: ? - help, Q - select action Shift-Dir - straight line, f - bat
Aim: a bat (chance to affect: 84%)
The bat writhes in agony.
The bat hits you but does no damage. The bat hits your jackal skeleton.
Your jackal skeleton bites the jackal.
The bat hits your jackal skeleton. The jackal bites your jackal skeleton.
Your jackal skeleton is destroyed!
Aiming: Necrotise (safe; 4% risk of failure)
Press: ? - help, Q - select action Shift-Dir - straight line, f/p - bat
Aim: a bat (moderately wounded, chance to affect: 84%)
The bat writhes in agony.
The bat closely misses you. Something hits your jackal skeleton.
Your jackal skeleton bites the jackal but does no damage.
The bat hits you.
You closely miss the bat.
The bat is heavily wounded.
The bat misses you.
The jackal bites you but does no damage.
The rat bites your jackal skeleton.
Your jackal skeleton is destroyed!
The jackal misses you.
Are you sure you want to abandon this character and quit the game? (Confirm with "yes".)

##.##g...........
###h.h..r....##...#
#.).##..####.......
#h###..## .##....
#######.†.h.## .# ...
#.....gr##### .# ##
##.#####b## .# #..# #.h##
## #.## ##h@#
#.#########################
#..........................
##########################.
#........................
#.######################'
#.......................<
#########################


You could see 2 jackals, a goblin, a bat and a rat.

Vanquished Creatures
  A giant cockroach (D:1)
  A hobgoblin (D:1)
  2 jackals (D:1)
4 creatures vanquished.

Vanquished Creatures (collateral kills)
  An endoplasm (D:1)
  A goblin (D:1)
2 creatures vanquished.

Grand Total: 6 creatures vanquished

Notes
Turn   | Place    | Note
-------+----------+-------------------------------------------
     0 | D:1      | ChrisAssaf the Spriggan Necromancer began the quest for the
                  | Orb.
     0 | D:1      | Reached XP level 1. HP: 9/9 MP: 5/5
   143 | D:1      | Reached XP level 2. HP: 11/13 MP: 2/6
   146 | D:1      | Quit the game

Illustrated notes

Levels and vault maps discovered:
D:1:      wheals_arrival_linesprint, layout_rooms, st_stairs_2,
          minmay_crystal_room

Action                     || total
---------------------------++-------
  Melee: Unarmed           ||     1
   Cast: Necrotise         ||    13
    Use: Potion            ||     1
 Armour: Robe              ||     4
  Dodge: Dodged            ||    19
